 Dungeon Sprint DCSS version 0.21-a0-401-g0b6bec4 (webtiles) character file.

128 Ordine the Basher (level 5, -2/32 HPs)
             Began as a Gargoyle Fighter on Oct 24, 2017.
             Was an Initiate of Trog.
             Slain by an orc warrior
             ... wielding a +0 glaive
              (5 damage)
             ... in the Dungeon (Sprint IX: "|||||||||||||||||||||||||||||").
             The game lasted 00:02:16 (200 turns).

Ordine the Basher (Gargoyle Fighter)                 Turns: 200, Time: 00:02:17

Health: -2/32      AC: 16    Str: 25    XL:     5   Next: 12%
Magic:  5/5        EV:  6    Int: 12    God:    Trog [......]
Gold:   0          SH: 11    Dex: 12    Spells: 4/4 levels left

rFire    . . .     SeeInvis .   o - +2 morningstar (crush)
rCold    . . .     Gourm    .   c - +0 shield
rNeg     + . .     Faith    .   r - +1 chain mail
rPois    ∞         Spirit   .   q - +0 helmet
rElec    +         Reflect  .   (no cloak)
rCorr    .         Harm     .   (no gloves)
MR       .....     NoTele   +   p - +0 pair of boots
Stlth    ..........             (no amulet)
HPRegen  0.10/turn              t - +3 ring of dexterity
MPRegen  0.09/turn              s - +3 ring of intelligence

@: mighty
A: negative energy resistance 1, electricity resistance, unbreathing,
petrification resistance, rot immunity, AC +4
a: Burn Spellbooks, Renounce Religion


You were in the Dungeon.
You worshipped Trog.
Trog was noncommittal.
You were not hungry.

You visited 1 branch

Inventory:

Hand Weapons
 o - a +2 morningstar of crushing (weapon)
Armour
 c - a +0 shield (worn)
 p - a +0 pair of boots (worn)
 q - a +0 helmet (worn)
 r - a +1 chain mail (worn)
Jewellery
 s - a +3 ring of intelligence (right hand)
 t - a +3 ring of dexterity (left hand)
Wands
 n - a wand of lightning (7/15)
Scrolls
 k - 2 scrolls of blinking
 m - 3 scrolls of remove curse
Potions
 e - 5 potions of curing
 g - 3 potions of heal wounds
 h - a potion of haste
 i - 4 potions of magic
 j - a potion of invisibility
Comestibles
 f - a bread ration
 l - 5 chunks of flesh


   Skills:
 - Level 3.2 Fighting
 + Level 8.2 Maces & Flails
 - Level 3.2 Armour
 + Level 7.0 Shields


You had 4 spell levels left.
You didn't know any spells.

Dungeon Overview and Level Annotations

Branches:
Dungeon (1/1)

Altars:
Cheibriados
Dithmenos
Elyvilon
Fedhas
Gozag
Hepliaklqana
Kikubaaqudgha
Makhleb
Nemelex Xobeh
Okawaru
Qazlal
Ru
Sif Muna
Trog
Uskayaw
Vehumet
Wu Jian
Xom
Yredelemnul
Zin
The Shining One
Beogh
Jiyva
Lugonu


Innate Abilities, Weirdness & Mutations

You are resistant to torment.
Your stone body is resilient. (AC +4)
You are immune to poison.
You resist negative energy. (rN+)
You are resistant to electric shocks. (rElec)
You can survive without breathing.
You are immune to petrification.
You are immune to rotting.


Message History

You block the orc warrior's attack.
Okay, then.
You block the orc warrior's attack.
There is an open door to the Dungeon here.
Okay, then.
You feel very mighty all of a sudden.
The orc warrior hits you with a glaive!!
Ouch! That really hurt!
Unknown command.
You bludgeon the orc warrior!!
The orc warrior is almost dead.
The orc warrior hits you with a glaive!
* * * LOW HITPOINT WARNING * * *
Unknown command.
You closely miss the orc warrior.
The orc warrior is almost dead.
Your shield and chain mail prevent you from hitting the orc warrior.
The orc warrior is almost dead.
The orc warrior hits you with a glaive.
You die... ▓▓▓▓▓▓▓▓▓▓▓▓▓▓▓▓▓▓▓▓▓▓▓▓ ______'.?|).....@oygKoZ+ ▓▓▓▓▓▓▓▓▓▓▓▓▓▓▓▓▓▓▓▓▓▓▓▓

You could see an orc warrior, a big kobold, a gnoll shaman, a killer bee, an orc and a bat skeleton.

Vanquished Creatures
  An ogre (D)
  A jelly (D)
  An adder (D)
  A worm (D)
  2 bats (D)
  A hobgoblin (D)
  A quokka (D)
  A frilled lizard (D)
  A rat (D)
10 creatures vanquished.

Notes
Turn   | Place    | Note
-------+----------+-------------------------------------------
     0 | D        | Ordine the Gargoyle Fighter began the quest for the Orb.
     0 | D        | Reached XP level 1. HP: 14/14 MP: 1/1
    23 | D        | Reached skill level 3 in Maces & Flails
    46 | D        | Noticed an ogre
    46 | D        | Noticed a jelly
    50 | D        | Reached skill level 4 in Maces & Flails
    50 | D        | Reached XP level 2. HP: 19/19 MP: 2/2
    53 | D        | Killed an ogre
    53 | D        | Reached skill level 7 in Maces & Flails
    53 | D        | Reached XP level 3. HP: 23/23 MP: 3/3
    53 | D        | Reached XP level 4. HP: 28/28 MP: 4/4
    58 | D        | Reached skill level 8 in Maces & Flails
    58 | D        | Reached XP level 5. HP: 32/32 MP: 5/5
   113 | D        | Found a roughly hewn altar of Beogh.
   113 | D        | Found a snail-covered altar of Cheibriados.
   113 | D        | Found a shadowy altar of Dithmenos.
   113 | D        | Found a white marble altar of Elyvilon.
   113 | D        | Found a blossoming altar of Fedhas.
   113 | D        | Found an opulent altar of Gozag.
   114 | D        | Found a hazy altar of Hepliaklqana.
   115 | D        | Found a viscous altar of Jiyva.
   116 | D        | Found an ancient bone altar of Kikubaaqudgha.
   117 | D        | Found a corrupted altar of Lugonu.
   118 | D        | Found a burning altar of Makhleb.
   119 | D        | Found a sparkling altar of Nemelex Xobeh.
   120 | D        | Found an iron altar of Okawaru.
   121 | D        | Found a stormy altar of Qazlal.
   122 | D        | Found a sacrificial altar of Ru.
   123 | D        | Found a deep blue altar of Sif Muna.
   124 | D        | Found a bloodstained altar of Trog.
   125 | D        | Found a hide-covered altar of Uskayaw.
   126 | D        | Found a radiant altar of Vehumet.
   127 | D        | Found an ornate altar of the Wu Jian Council.
   128 | D        | Found a shimmering altar of Xom.
   129 | D        | Found a basalt altar of Yredelemnul.
   130 | D        | Found a glowing silver altar of Zin.
   131 | D        | Found a glowing golden altar of the Shining One.
   132 | D        | Became a worshipper of Trog the Wrathful
   195 | D        | Noticed an orc warrior
   195 | D        | Noticed a big kobold
   200 | D        | Slain by an orc warrior

Vault maps used:
D:        linesprint

Skill      XL: |  1  2  3  4  5 |
---------------+----------------+-----
Maces & Flails | 4 7 8 |  8.2
Shields        | 4 6 7 |  7.0
Fighting       | |  3.2
Armour         | |  3.2

Action                   |  1- 3 |  4- 6 || total
-------------------------+-------+-------++-------
Melee: Flail             |    32 |    13 ||    45
       Morningstar       |       |     3 ||     3
  Use: Potion            |     1 |     1 ||     2
Armor: Scale mail        |    24 |     8 ||    32
Dodge: Dodged            |     8 |     2 ||    10
Block: Shield            |    17 |     5 ||    22

Table legend:
 A = Spawn XP
 B = Non-spawn XP
 C = Spawn XP percentage of total XP
 D = Spawn monster count
 E = Non-spawn monster count
 F = Spawn count percentage of total count
 G = Total turns spent on level
                    A         B        C        D         E        F      G
               +---------+---------+-------+---------+---------+-------+---------
         Total |       0 |     184 |   0.0 |       0 |      10 |   0.0 |   200
               +---------+---------+-------+---------+---------+-------+---------
             D |       0 |     184 |   0.0 |       0 |      10 |   0.0 |   200
               +---------+---------+-------+---------+---------+-------+---------
